 Dungeon Crawl Stone Soup version 0.28-a0-1087-gf3fc490d9d (webtiles) character file.

Game seed: 8459417777413895696

9119 ytrimaz the Martial Artist (level 11, -6/87 HPs)
             Began as an Octopode Transmuter on Dec 10, 2021.
             Was an Initiate of Ashenzari.
             Mangled by a gnoll sergeant (9 damage)
             ... on level 10 of the Dungeon.
             The game lasted 00:14:00 (12266 turns).

ytrimaz the Martial Artist (Octopode Transmuter)   Turns: 12266, Time: 00:14:00

Health: -6/87      AC:  8    Str: 10    XL:     11   Next: 41%
Magic:  0/23       EV: 11    Int: 19    God:    Ashenzari [......]
Gold:   875        SH:  0    Dex: 13    Spells: 12/26 levels left

rFire   x . .      SeeInvis .     - Unarmed
rCold   + + +      Faith    .   (shield currently unavailable)
rNeg    . . .      Spirit   +   (helmet currently unavailable)
rPois   +          Reflect  .   m - amulet of guardian spirit
rElec   .          Harm     .   b - ring of wizardry
rCorr   .          Rampage  .   k - ring of Supernal Knowledge {Will+, Melee, Comp} (curse)
Will    +....                   n - ring of wizardry
Stlth   +.........              (no ring)
HPRegen 0.24/turn               (no ring)
MPRegen 0.18/turn               (no ring)
                                (no ring)
                                (no ring)

@: ice-form
A: freezing attack, boosted hp, almost no armour, amphibious, 8 rings, large,
(camouflage 1), (gelatinous body 1), (nimble swimmer 1), (tentacles)
a: End Transformation, Renounce Religion, Curse Item, Shatter the Chains


You were on level 10 of the Dungeon.
You worshipped Ashenzari.
Ashenzari was noncommittal.
You were a creature of crystalline ice.
You visited 2 branches of the dungeon, and saw 12 of its levels.
You also visited: Ossuary.

You collected 875 gold pieces.

Inventory:

Missiles
 a - a throwing net
Armour
 t - a +0 hat of see invisible (melded)
Jewellery
 b - a ring of wizardry (left front paw)
 k - the cursed ring of Supernal Knowledge (right front paw) {Will+, Melee, Comp}
   (You found it on level 5 of the Dungeon)

   [ring of willpower]

   Will:      It increases your willpower.
   It has a curse which improves the following skills: Melee Combat: Short
   Blades, Long Blades, Axes, Maces & Flails, Polearms, Staves and Unarmed
   Combat.
   Companions: Summonings and Necromancy.
 m - an amulet of guardian spirit (around neck)
 n - a ring of wizardry (on tentacle)
Wands
 s - a wand of iceblast (5)
 u - a wand of mindburst (4)
Scrolls
 c - 3 scrolls of fog
 e - a scroll of blinking
 j - a scroll of teleportation
 r - a scroll of amnesia
 w - 2 scrolls of enchant armour
 x - a scroll of enchant weapon
Potions
 d - a potion of mutation
 f - 5 potions of haste
 g - a potion of heal wounds
 h - 4 potions of curing
 i - a potion of invisibility
 l - 2 potions of brilliance
 o - 2 potions of resistance
 p - a potion of berserk rage
 q - a potion of attraction
 v - a potion of flight


   Skills:
 * Level 6.3 Fighting
 * Level 4.9 Dodging
 - Level 9.0(9.5) Unarmed Combat
 * Level 8.2 Spellcasting
 * Level 3.3 Translocations
 * Level 8.8 Transmutations
 - Level 3.0 Ice Magic
 - Level 3.0 Poison Magic


You had 12 spell levels left.
You knew the following spells:

 Your Spells              Type           Power      Damage    Failure   Level
a - Manifold Assault      Tloc           20%        N/A       16%         5
b - Wereblood             Tmut           41%        N/A       1%          2
c - Spider Form           Tmut/Pois      30%        N/A       1%          3
d - Ice Form              Ice/Tmut       30%        N/A       2%          4

Your spell library contained the following spells:

 Spells                   Type           Power      Damage    Failure   Level
 Apportation              Tloc           40%        N/A       1%          1
 Beastly Appendage        Tmut           82%        N/A       1%          1
 Blink                    Tloc           40%        N/A       1%          2
 Gell's Gravitas          Tloc           20%        N/A       1%          3
 Ignite Poison            Fire/Tmut/Pois 22%        N/A       1%          3
 Lesser Beckoning         Tloc           20%        N/A       1%          3
 Teleport Other           Tloc           20%        N/A       1%          3
 Mephitic Cloud           Conj/Pois/Air  11%        N/A       5%          3
 Alistair's Intoxication  Tmut/Pois      20%        N/A       6%          5
 Freezing Cloud           Conj/Ice/Air   5%         6-21      38%         5
 Storm Form               Tmut/Air       12%        N/A       95%         7


Dungeon Overview and Level Annotations

Branches:
Dungeon (11/15)            Temple (1/1) D:6             Orc (0/2) D:10
Ossuary (visited)
   Lair: D:8-11

Altars:
Ashenzari
Cheibriados
Dithmenos
Elyvilon
Fedhas
Gozag
Hepliaklqana
Kikubaaqudgha
Makhleb
Nemelex Xobeh
Okawaru
Qazlal
Ru
Sif Muna
Trog
Uskayaw
Vehumet
Wu Jian
Xom
Yredelemnul
Zin
The Shining One

Shops:
D:6 (

Annotations:
D:11 Grum


Innate Abilities, Weirdness & Mutations

You are a creature of crystalline ice.
You have a powerful freezing melee attack.
Your maximum health is increased.
Your armour is entirely melded.
You are incapable of wielding weapons or throwing items.
You cannot wear most types of armour.
You are amphibious.
You can wear up to eight rings at the same time.
((Your skin changes colour to match your surroundings (Stealth+).))
((Your rubbery body absorbs attacks. (AC +1, EV +1)))
((You are camouflaged near water. (Stealth+)))
((You have tentacles for arms and can constrict up to eight enemies at once.))


Message History

Things that are here:
a +0 short sword; a +0 leather armour; an orc corpse You punch the gnoll sergeant!
You freeze the gnoll sergeant!
The gnoll sergeant is almost dead.
The gnoll closely misses you.
The orc warrior hits you with a +0 glaive.
The gnoll sergeant barely misses you.
The gnoll hits you from afar with a +0 spear.
* * * LOW HITPOINT WARNING * * *
You hit the gnoll sergeant but do no damage.
The gnoll sergeant is almost dead.
The gnoll barely misses you. The orc warrior misses you.
The gnoll sergeant hits you with a +0 spear.
* * * LOW HITPOINT WARNING * * *
Unknown command.
Unknown command.
You hit the gnoll sergeant but do no damage.
The gnoll sergeant is almost dead.
The gnoll misses you. The gnoll barely misses you.
Unknown command.
Unknown command.
An orc comes into view. It is wielding a +0 club.
The orc shouts!
You hear a shout!
The orc warrior throws a stone.
The stone barely misses you. The gnoll sergeant closely misses you.
Found a robe.
The orc warrior throws a stone.
The stone hits you.
* * * LOW HITPOINT WARNING * * *
A centaur comes into view.
The gnoll sergeant hits you from afar with a +0 spear!
* * * LOW HITPOINT WARNING * * *
The centaur wields a +0 shortbow.
The centaur shoots an arrow.
The arrow closely misses you.
Unknown command.
Blink to where?
Press: ? - help, Dir - move target, f - you
Okay, then.
The centaur shoots an arrow.
The arrow hits you!
* * * LOW HITPOINT WARNING * * *
The gnoll sergeant hits you with a +0 spear!
You die...

#......#..'...
#########......#..#...
...............#'##...
............g.........
..............g....###
......g.>######....#
.......gg# #....#
##'#######o## #g...#
......o.Yg.# #g...#
...........# ......#
...?.......# .g......#
...........#...g......#
###'######+#..........#
c. ..####..... .[ ..
#...... .


You could see an orc warrior, a gnoll sergeant, a centaur, a gnoll and an orc.

Vanquished Creatures
  Gastronok (D:9)
  2 two-headed ogres
  Joseph (D:9)
  2 shadows (D:9)
  A wyvern (D:9)
  4 yaks (D:9)
  A steam dragon (D:9)
  Menkaure (D:7)
  An acid dragon (D:9)
  A water moccasin (D:8)
  4 sky beasts
  4 black bears
  4 orc warriors
  4 necrophages
  3 centaurs
  2 ogres
  A phantom (D:6)
  4 kobold brigands
  A gnoll sergeant (D:8)
  4 bullfrogs
  3 scorpions
  A wyvern skeleton (D:6)
  A water moccasin skeleton (D:3)
  4 killer bees (D:8)
  8 wights
  2 howler monkeys
  An electric eel (D:9)
  3 centaur zombies
  6 orc priests
  4 centaur skeletons
  2 gnoll shamans
  3 hounds
  2 jellies (D:7)
  A bullfrog skeleton (D:5)
  6 iguanas
  8 orc wizards
  A hound zombie (D:5)
  8 mummies (Ossuary)
  A howler monkey zombie (D:8)
  10 gnolls
  7 adders
  3 white imps (D:6)
  2 ufetubi
  An adder skeleton (D:4)
  4 worms
  22 orcs
  10 ball pythons
  6 bats
  13 endoplasms
  4 giant cockroaches
  3 gnoll zombies (Ossuary)
  3 goblins
  4 hobgoblins
  3 jackals (D:3)
  3 quokkas
  4 frilled lizards
  2 hobgoblin zombies (Ossuary)
  22 kobolds
  2 kobold zombies (Ossuary)
  An orc zombie (Ossuary)
  5 rats
245 creatures vanquished.

Vanquished Creatures (others)
  A plant (D:9)
1 creature vanquished.

Grand Total: 246 creatures vanquished

Notes
Turn   | Place    | Note
-------+----------+-------------------------------------------
     0 | D:1      | ytrimaz the Octopode Transmuter began the quest for the
                  | Orb.
     0 | D:1      | Reached XP level 1. HP: 13/13 MP: 3/3
   414 | D:1      | Reached XP level 2. HP: 15/18 MP: 3/5
   457 | D:1      | Learned a level 2 spell: Wereblood
  1048 | D:2      | Reached XP level 3. HP: 18/23 MP: 4/6
  1052 | D:2      | Learned a level 3 spell: Spider Form
  1531 | D:2      | Reached XP level 4. HP: 27/28 MP: 5/8
  1571 | D:2      | Found an iron altar of Okawaru.
  2259 | D:3      | Noticed a sky beast
  2266 | D:3      | Killed a sky beast
  2267 | D:3      | Reached XP level 5. HP: 26/34 MP: 5/10
  2342 | D:3      | Found a shimmering blue altar of Sif Muna.
  2351 | D:3      | Reached skill level 4 in Unarmed Combat
  2353 | D:3      | Reached XP level 6. HP: 29/39 MP: 6/11
  3608 | D:3      | Found a faded altar of an unknown god.
  3789 | D:4      | Found a shadowy altar of Dithmenos.
  4001 | D:4      | Reached skill level 1 in Poison Magic
  4001 | D:4      | Reached XP level 7. HP: 29/45 MP: 5/12
  4304 | D:4      | Reached skill level 5 in Unarmed Combat
  4601 | D:4      | Learned a level 4 spell: Ice Form
  4969 | D:4      | Found an ancient bone altar of Kikubaaqudgha.
  5155 | D:5      | Entered Level 5 of the Dungeon
  5250 | D:5      | Reached XP level 8. HP: 43/52 MP: 12/14
  5396 | D:5      | Reached skill level 6 in Unarmed Combat
  5599 | D:5      | Reached skill level 1 in Ice Magic
  5721 | D:5      | Reached skill level 5 in Transmutations
  6328 | D:6      | Reached skill level 7 in Unarmed Combat
  6328 | D:6      | Reached skill level 5 in Spellcasting
  6328 | D:6      | Reached XP level 9. HP: 37/58 MP: 10/16
  6624 | D:6      | Found a staircase to the Ecumenical Temple.
  6670 | Temple   | Entered the Ecumenical Temple
  7171 | D:6      | Found Zifi's Antique Weapon Shop.
  7417 | D:6      | Found an opulent altar of Gozag.
  7425 | D:6      | Found a basalt altar of Yredelemnul.
  7426 | D:6      | Found a glowing silver altar of Zin.
  7426 | D:6      | Found a shimmering altar of Xom.
  7990 | D:7      | Found a sand-covered staircase.
  8009 | Ossuary  | Entered an ossuary
  8063 | Ossuary  | Reached skill level 8 in Unarmed Combat
  8330 | D:7      | Found a broken altar of Ashenzari.
  8389 | D:7      | Became a worshipper of Ashenzari the Shackled
  8706 | D:7      | Noticed Menkaure
  8729 | D:7      | Killed Menkaure
  8730 | D:7      | Reached skill level 5 in Fighting
  8881 | D:7      | Found a stormy altar of Qazlal.
  8888 | D:7      | Found a sacrificial altar of Ru.
  8923 | D:7      | Found a glowing golden altar of the Shining One.
  9121 | D:7      | Noticed a two-headed ogre
  9134 | D:7      | Killed a two-headed ogre
  9135 | D:7      | Reached XP level 10. HP: 50/66 MP: 11/19
  9186 | D:7      | Learned a level 5 spell: Manifold Assault
  9369 | D:8      | Reached skill level 9 in Unarmed Combat
  9591 | D:8      | Found a blossoming altar of Fedhas.
  9686 | D:8      | Reached skill level 1 in Translocations
  9808 | D:8      | Found a radiant altar of Vehumet.
 10128 | D:8      | Noticed a two-headed ogre
 10145 | D:8      | Killed a two-headed ogre
 11291 | D:9      | Noticed Gastronok
 11310 | D:9      | Killed Gastronok
 11311 | D:9      | Reached XP level 11. HP: 72/72 MP: 15/22
 11460 | D:9      | Noticed Joseph
 11478 | D:9      | Killed Joseph
 12106 | D:10     | Entered Level 10 of the Dungeon
 12200 | D:10     | Noticed a two-headed ogre
 12209 | D:10     | Found a staircase to the Orcish Mines.
 12250 | D:11     | Noticed Grum
 12266 | D:10     | HP: 3/87 [centaur/arrow (9)]
 12266 | D:10     | Mangled by a gnoll sergeant

Illustrated notes

Levels and vault maps discovered:
D:1:      dpeg_arrival_connections, layout_basic
D:2:      layout_rooms, basic_altar, minmay_pentomino_pile
D:3:      layout_loops_ring, old_standard_altar,
          shapermc_ecumenical_altar_hornbeckon
D:4:      layout_basic, amcnicky_altar_gilded, mainiacjoe_overflow_boulevard,
          nzn_random_ring
D:5:      layout_loops_cross, nicolae_concentric_dashed_squares_mild
D:6:      layout_basic, grunt_temple_overflow_open,
          minmay_temple_entry_proselytizer, serial_shops,
          nicolae_shop_waterfront
D:7:      layout_basic, lemuel_doored_altar, cheibrodos_ashenzari_chains,
          mainiacjoe_overflow_surrounded_room, mainiacjoe_overflow_alcove_1,
          serial_glass, glass_columns_b, glass_columns_c, glass_columns_b,
          glass_columns_a, glass_columns_a, glass_columns_a, glass_columns_b,
          glass_columns_b, lightli_ossuary_entry_decrepit_ruins, uniq_menkaure
D:8:      layout_rooms, mainiacjoe_overflow_brackets, old_standard_altar
D:9:      wad_lake_hut, layout_basic, minmay_fractal_squares_5, uniq_joseph,
          uniq_gastronok
D:10:     layout_gridville, erik_orc_4
D:11:     layout_cave_pools, dpeg_oklobed_lair, elyvilon_altar_4, uniq_grum
Temple:   nicolae_temple_figure_zero

Skill      XL: |  1  2  3  4  5  6  7  8  9 10 11 |
---------------+----------------------------------+-----
Transmutations | 3 4 5 7 8 |  8.8
Spellcasting   | 3 4 5 6 7 8 |  8.2
Fighting       | 2 3 5 6 |  6.3
Unarmed Combat | 4 5 7 8 9 |  9.0
Poison Magic   | 1 3 |  3.0
Ice Magic      | 2 3 |  3.0
Translocations | 3 |  3.3
Dodging        | 4 |  4.9

Action                   |  1- 3 |  4- 6 |  7- 9 | 10-12 || total
-------------------------+-------+-------+-------+-------++-------
Melee: Unarmed           |    81 |    95 |   333 |   200 ||   709
       Constrict         |    15 |    13 |     9 |     3 ||    40
       Kick              |     9 |     6 |     2 |       ||    17
       Tentacles         |     7 |    13 |     6 |     2 ||    28
       Punch             |     2 |     2 |     2 |       ||     6
 Cast: Beastly Appendage |     9 |     2 |     3 |       ||    14
       Wereblood         |     5 |     2 |     8 |     6 ||    21
       Spider Form       |     2 |     4 |    15 |       ||    21
       Ice Form          |       |       |    17 |    24 ||    41
       Manifold Assault  |       |       |       |     2 ||     2
Invok: Curse Item        |       |       |       |     1 ||     1
  Use: Scroll            |     2 |     8 |    11 |     5 ||    26
       Potion            |       |     1 |     3 |     5 ||     9
 Stab: Sleeping          |     4 |     7 |     4 |       ||    15
Armor: Skin              |    14 |     9 |    73 |    78 ||   174
Dodge: Dodged            |    71 |    58 |   229 |   128 ||   486

Table legend: (Time is in decaauts)
 A = Elapsed time spent in this place.
 B = Non-inter-level travel time spent in this place.
 C = Inter-level travel time spent in this place.
 D = Time resting spent in this place.
 E = Time spent auto-exploring this place.
 F = Levels seen in this place.
 G = Mean time per level.
                   A        B        C        D        E       F      G
               +--------+--------+--------+--------+--------+-----+--------+
         Total |  12174 |  11951 |    223 |    680 |   9248 |  13 |  936.5 |
       Dungeon |  11675 |  11461 |    214 |    680 |   8840 |  11 | 1061.4 |
        Temple |    292 |    283 |      9 |      0 |    282 |   1 |  292.0 |
       Ossuary |    206 |    206 |      0 |      0 |    126 |   1 |  206.0 |
               +--------+--------+--------+--------+--------+-----+--------+

Top non-repeatable levels by time:
     D:9: 1744 daAuts
     D:2: 1630 daAuts
     D:6: 1381 daAuts
     D:4: 1374 daAuts
     D:3: 1196 daAuts
     D:7: 1135 daAuts
     D:5: 1126 daAuts
     D:8: 995 daAuts
     D:1: 934 daAuts
  Temple: 292 daAuts
 Ossuary: 206 daAuts
    D:10: 153 daAuts
    D:11: 1 daAuts
